 Dungeon Crawl Stone Soup version 0.29.1-1-gd02db6906a (webtiles) character file.

Game seed: 8631332031806157539

11312 Ashen the Frost Mage (level 11, -6/84 HPs)
             Began as a Demonspawn Ice Elementalist on Sept 24, 2022.
             Was an Elder of Vehumet.
             Mangled by a wolf spider (9 damage)
             ... on level 10 of the Dungeon.
             The game lasted 00:33:27 (12516 turns).

Ashen the Frost Mage (Demonspawn Ice Elementalist) Turns: 12516, Time: 00:33:28

Health: -6/84      AC: 15    Str: 10    XL:     11   Next: 47%
Magic:  21/21      EV: 17    Int: 26    God:    Vehumet [****..]
Gold:   489        SH:  0    Dex: 13    Spells: 3/23 levels left

rFire   + + .      SeeInvis .   D - +1 quarterstaff (spect)
rCold   x . .      Faith    .   (shield currently unavailable)
rNeg    + . .      Spirit   .   L - +1 troll leather armour
rPois   +          Reflect  .   (no helmet)
rElec   +          Harm     .   h - +2 cloak
rCorr   .          Rampage  .   (gloves unavailable)
Will    .....                   (no boots)
Stlth   +++.......              (no amulet)
HPRegen 1.04/turn               s - +6 ring of intelligence
MPRegen 0.17/turn               k - ring of Serph {rElec rPois rF++ rC- rN+}

@: lethally poisoned (-6 -> -18), ice-armoured, studying Stealth
A: repulsion field 2, powered by death 2, powered by pain 1, demonic touch 3
a: Renounce Religion


You were on level 10 of the Dungeon.
You worshipped Vehumet.
Vehumet was greatly pleased with you.
You visited 2 branches of the dungeon, and saw 11 of its levels.

You collected 507 gold pieces.
You spent 18 gold pieces at shops.

Inventory:

Hand Weapons
 e - a +0 dagger of freezing
 u - a +2 dagger of venom
 v - the +6 broad axe of Watchfulness {vorpal, Contam Fly Dex+3}
   (You found it on level 4 of the Dungeon)

   It inflicts extra damage upon your enemies.
   Dex:       It affects your dexterity (+3).
   Fly:       It grants you flight.
   Contam:    It causes magical contamination when unequipped.
 D - a +1 spectral quarterstaff (weapon)
 G - the +3 rapier of Lesu Rem {protect, Int+3}
   (You found it on level 7 of the Dungeon)

   It grants its wielder temporary protection when it strikes (+7 to AC).
   Int:       It affects your intelligence (+3).
Missiles
 g - 42 poisoned darts
 l - a throwing net
 r - 3 curare-tipped darts (quivered)
 F - 3 atropa-tipped darts
Armour
 h - a +2 cloak (worn)
 J - a +0 buckler
 L - a +1 troll leather armour (worn)
Magical Staves
 w - a staff of air
 A - a staff of poison
Jewellery
 k - the ring of Serph (right hand) {rElec rPois rF++ rC- rN+}
   (You acquired it on level 7 of the Dungeon)

   [ring of positive energy]

   rF:        It greatly protects you from fire.
   rC:        It makes you vulnerable to cold.
   rElec:     It insulates you from electricity.
   rPois:     It protects you from poison.
   rN:        It protects you from negative energy.
 m - a +4 ring of protection
 s - a +6 ring of intelligence (left hand)
 y - a ring of see invisible
Wands
 a - a wand of mindburst (10)
 j - a wand of charming (3)
 B - a wand of iceblast (7)
 I - a wand of flame (21)
Scrolls
 t - a scroll of magic mapping {unknown}
 x - 3 scrolls of immolation
 E - 2 scrolls of fear
 H - a scroll of teleportation
Potions
 b - 2 potions of magic
 c - 2 potions of invisibility
 d - 8 potions of brilliance
 f - 3 potions of attraction
 n - 2 potions of degeneration
 o - a potion of mutation {unknown}
 z - 6 potions of curing
 C - a potion of cancellation {unknown}
Miscellaneous
 K - a box of beasts (inert)


   Skills:
 + Level 7.1 Fighting
 + Level 6.7 Dodging
 - Level 5.0 Stealth
 + Level 6.8 Spellcasting
 * Level 8.3 Conjurations
 * Level 9.3 Ice Magic
 + Level 2.8 Air Magic


You had 3 spell levels left.
You knew the following spells:

 Your Spells              Type           Power      Damage    Failure   Level
a - Freeze                Ice            100%       1d11      1%          1
b - Frozen Ramparts       Ice            100%       1d16      1%          3
c - Ozocubu's Armour      Ice            55%        N/A       1%          3
d - Hailstorm             Conj/Ice       53%        3d12      1%          4
e - Airstrike             Air            11%        2d(2-18)  7%          4
f - Freezing Cloud        Conj/Ice/Air   22%        6-21      4%          5

Your spell library contained the following spells:

 Spells                   Type           Power      Damage    Failure   Level
 Stone Arrow              Conj/Erth      60%        3d10      1%          3
 Scorch                   Fire           16%        2d6       3%          2
 Inner Flame              Hex/Fire       8%         N/A       7%          3
 Sublimation of Blood     Necr           8%         N/A       13%         2
 Flame Wave               Conj/Fire      30%        2d9       4%          4
 Irradiate                Conj/Tmut      15%        3d16      12%         5
 Animate Armour           Summ/Erth      16%        N/A       65%         4
 Cause Fear               Hex            4%         N/A       65%         4
 Petrify                  Tmut/Erth      8%         N/A       65%         4
 Summon Cactus Giant      Summ           4%         N/A       100%        6
 Discord                  Hex            4%         N/A       100%        8
 Lehudib's Crystal Spear  Conj/Erth      15%        10d5      100%        8


Dungeon Overview and Level Annotations

Branches:
Dungeon (10/15)            Temple (1/1) D:4            Lair (0/5) D:10
    Orc (0/2) D:9

Altars:
Ashenzari
Cheibriados
Dithmenos
Fedhas
Gozag
Hepliaklqana
Kikubaaqudgha
Makhleb
Nemelex Xobeh
Okawaru
Qazlal
Ru
Sif Muna
Trog
Uskayaw
Vehumet
Wu Jian
Xom
Yredelemnul

Shops:
D:1 ((*   D:9 :

Annotations:
D:2 Sigmund
D:4 Menkaure
D:10 1 runed translucent door, MeekVeins's ghost, novice OpTm


Innate Abilities, Weirdness & Mutations

You are surrounded by a moderate repulsion field. (EV +3)
You regenerate health from kills.
You sometimes gain a little power by taking damage.
Your touch may irresistibly damage your foes and sap their willpower.


Message History

The walls around you are covered in ice.
The wall freezes the wolf spider.
Casting: Frozen Ramparts (safe; 1% risk of failure)
Confirm with . or Enter, or press ? or * to list all spells.
Aiming: Freezing Cloud (dangerous; 4% risk of failure)
Press: ? - help, Dir - move target That beam is likely to hit you.
Continue anyway?
You are engulfed in freezing vapours.
You focus on the pain.
You feel your power returning.
The wolf spider is engulfed in freezing vapours.
The wall freezes the wolf spider.
The wolf spider barely misses you. The wolf spider bites you.
You are poisoned.
The wolf spider poisons you!
The wolf spider is engulfed in freezing vapours.
The wall freezes the wolf spider.
The wolf spider misses you. The wolf spider closely misses you.
Casting: Freezing Cloud (dangerous; 4% risk of failure)
Confirm with . or Enter, or press ? or * to list all spells.
Okay, then.
Your frozen ramparts will break if you move.
Continue?
The frozen ramparts melt away as you move.
You feel extremely sick.
The wolf spider is engulfed in freezing vapours.
The wolf spider hits you!!
* * * LOW HITPOINT WARNING * * *
The wolf spider closely misses you.
Unknown command.
Casting: Freezing Cloud (dangerous; 4% risk of failure)
Confirm with . or Enter, or press ? or * to list all spells.
A film of ice covers your body!
You feel very sick.
The wolf spider is engulfed in freezing vapours.
The wolf spider hits you!
* * * LOW HITPOINT WARNING * * *
You focus on the pain.
You feel your power returning.
The wolf spider bites you but does no damage.
The wolf spider is engulfed in freezing vapours.
The wolf spider closely misses you. The wolf spider bites you!
You die...

#.#PP.P.......#......#.# +.#..
#.#PP.........#......#.# #.#..
#.#PP.........#..#####.# #.#..
..#....†......#..#.....# #.#..
..#..>....)...#..#.....# #.'..
..#P......#...#..#.....######.#..
..#.......#...'..# ....>......#..
..##PPP..##...#..# ...........#..
..#########...#§@#######......#..
........#:....#s§......+.>....#..
........+.....#§§......#......#.#
........#.....#§§......##'#####.#
........#.....+..☼..............#
####....#####.#.........##'####.#
...#........#.#(........#.....#.#
...#........#'#.........#.....#.#
...'....................#.....#.#


You could see a wolf spider.

Vanquished Creatures
  A yaktaur captain (D:10)
  2 two-headed ogres
  Pikel (D:9)
  An orc knight (D:10)
  2 ugly things (D:10)
  A komodo dragon (D:10)
  2 trolls
  Grinder (D:6)
  A slime creature (D:10)
  Prince Ribbit (D:7)
  A centaur simulacrum (D:10)
  2 wyverns
  A yak (D:5)
  A wraith (D:10)
  2 two-headed ogre zombies (D:9)
  An acid dragon (D:10)
  A water moccasin (D:5)
  2 orc warriors
  2 ice beasts
  3 sky beasts
  3 black bears
  4 ogres
  4 centaurs
  4 lemures (D:9)
  4 phantoms
  A kobold brigand (D:8)
  2 gnoll sergeants (D:8)
  3 bullfrogs
  2 necrophages
  7 scorpions
  18 wights
  3 troll zombies (D:9)
  5 killer bees (D:8)
  A howler monkey (D:10)
  3 electric eels (D:10)
  A hound (D:6)
  A gnoll bouda (D:6)
  3 orc priests
  5 iguanas
  3 jellies
  Ijyb (D:5)
  Jessica (D:3)
  11 orc wizards
  3 ogre zombies (D:9)
  6 adders
  21 gnolls
  A shadow imp (D:5)
  2 ufetubi
  4 worms
  A dart slug (D:3)
  25 orcs
  4 endoplasms
  5 giant cockroaches
  5 hobgoblins
  4 jackals (D:1)
  14 kobolds
  6 quokkas
  7 ball pythons
  3 bats
  5 frilled lizards
  4 goblins (D:1)
  A goblin skeleton (D:9)
  3 hobgoblin skeletons (D:9)
  2 hobgoblin zombies (D:9)
  2 orc skeletons (D:9)
  17 orc zombies (D:9)
  6 rats
  A butterfly (D:4)
271 creatures vanquished.

Vanquished Creatures (others)
  30 plants (D:10)
  2 withered plants (D:10)
32 creatures vanquished.

Grand Total: 303 creatures vanquished

Notes
Turn   | Place    | Note
-------+----------+-------------------------------------------
     0 | D:1      | Ashen the Demonspawn Ice Elementalist began the quest for
                  | the Orb.
     0 | D:1      | Reached XP level 1. HP: 13/13 MP: 3/3
   386 | D:1      | Found Coclosio's Weapon Shop.
   450 | D:1      | Found Vean's Antique Weapon Shop.
   541 | D:1      | Found Dexakumu's Assorted Antiques.
   549 | D:1      | Gained mutation: Your touch may inflict minor irresistible
                  | damage on your foes. [demonic ancestry]
   549 | D:1      | Reached XP level 2. HP: 20/20 MP: 3/5
   578 | D:1      | Bought a bubbling yellow potion for 18 gold pieces
  1337 | D:1      | Reached skill level 1 in Fighting
  1341 | D:1      | Gained mutation: You sometimes gain a little power by
                  | taking damage. [demonic ancestry]
  1341 | D:1      | Reached XP level 3. HP: 19/26 MP: 6/6
  1663 | D:2      | Noticed Sigmund
  1693 | D:2      | Learned a level 3 spell: Frozen Ramparts
  2061 | D:2      | Noticed a scorpion
  2076 | D:2      | Killed a scorpion
  2077 | D:2      | Reached skill level 4 in Ice Magic
  2077 | D:2      | Gained mutation: You are surrounded by a mild repulsion
                  | field. (EV +2) [demonic ancestry]
  2077 | D:2      | Reached XP level 4. HP: 31/32 MP: 0/7
  2836 | D:3      | Noticed Jessica
  2843 | D:3      | Killed Jessica
  2978 | D:3      | Gained mutation: You are surrounded by a moderate repulsion
                  | field. (EV +3) [demonic ancestry]
  2978 | D:3      | Reached XP level 5. HP: 38/38 MP: 9/9
  2990 | D:3      | Found a sacrificial altar of Ru.
  3960 | D:3      | Reached XP level 6. HP: 45/45 MP: 6/10
  4057 | D:4      | Identified the +6 broad axe of Watchfulness {vorpal, Contam
                  | Fly Dex+3}
  4093 | D:4      | Found a shimmering blue altar of Sif Muna.
  4382 | D:4      | Found a staircase to the Ecumenical Temple.
  4426 | Temple   | Entered the Ecumenical Temple
  4488 | Temple   | Became a worshipper of Vehumet
  4865 | D:4      | Learned a level 3 spell: Ozocubu's Armour
  4870 | D:4      | Learned a level 4 spell: Hailstorm
  5186 | D:4      | Noticed Menkaure
  5360 | D:5      | Entered Level 5 of the Dungeon
  5364 | D:5      | Gained mutation: You regenerate a little health from kills.
                  | [demonic ancestry]
  5364 | D:5      | Reached XP level 7. HP: 52/52 MP: 12/12
  5466 | D:5      | Noticed a yak
  5520 | D:5      | Reached skill level 5 in Ice Magic
  5615 | D:5      | Reached * piety under Vehumet
  5615 | D:5      | Offered knowledge of Shock by Vehumet.
  5743 | D:5      | Reached skill level 1 in Conjurations
  5743 | D:5      | Gained mutation: Your touch may inflict irresistible damage
                  | on your foes. [demonic ancestry]
  5743 | D:5      | Reached XP level 8. HP: 59/60 MP: 10/14
  5917 | D:5      | Found a sparkling altar of Nemelex Xobeh.
  5985 | D:5      | Noticed Ijyb
  5994 | D:5      | Killed Ijyb
  5995 | D:5      | Reached skill level 5 in Stealth
  6213 | D:5      | Found a snail-covered altar of Cheibriados.
  6347 | D:5      | Found a bloodstained altar of Trog.
  6737 | D:6      | Reached skill level 6 in Ice Magic
  7022 | D:6      | Offered knowledge of Poisonous Vapours by Vehumet.
  7023 | D:6      | Reached XP level 9. HP: 60/66 MP: 13/16
  7098 | D:6      | Reached ** piety under Vehumet
  7112 | D:6      | Reached skill level 5 in Spellcasting
  7339 | D:6      | Reached skill level 5 in Fighting
  7571 | D:6      | Reached skill level 5 in Dodging
  7883 | D:6      | Noticed Grinder
  7906 | D:6      | Killed Grinder
  7907 | D:6      | Reached skill level 7 in Ice Magic
  8072 | D:7      | Reached skill level 5 in Conjurations
  8128 | D:7      | Identified a scroll of acquirement
  8128 | D:7      | Acquired the ring of Serph {rElec rPois rF++ rC- rN+}
  8194 | D:7      | Found an opulent altar of Gozag.
  8708 | D:7      | Noticed Prince Ribbit
  8730 | D:7      | Killed Prince Ribbit
  8730 | D:7      | Offered knowledge of Searing Ray by Vehumet.
  8744 | D:7      | Identified the +3 rapier of Lesu Rem {protect, Int+3}
  9030 | D:7      | Gained mutation: Your touch may irresistibly damage your
                  | foes and sap their willpower. [demonic ancestry]
  9030 | D:7      | Reached XP level 10. HP: 63/76 MP: 18/18
  9252 | D:8      | Reached *** piety under Vehumet
  9471 | D:8      | Noticed a two-headed ogre
  9481 | D:8      | Killed a two-headed ogre
  9481 | D:8      | Offered knowledge of Airstrike by Vehumet.
  9482 | D:8      | Reached skill level 8 in Ice Magic
  9487 | D:8      | Learned a level 4 spell: Airstrike
 10016 | D:8      | Found a hide-covered altar of Uskayaw.
 10337 | D:9      | Noticed Pikel
 10347 | D:9      | Killed Pikel
 10469 | D:9      | Reached skill level 1 in Air Magic
 10505 | D:9      | Reached **** piety under Vehumet
 10735 | D:9      | Found a staircase to the Orcish Mines.
 10787 | D:9      | Offered knowledge of Freezing Cloud by Vehumet.
 10801 | D:9      | Learned a level 5 spell: Freezing Cloud
 11002 | D:9      | Found Esulatzi's Book Emporium.
 11534 | D:10     | Entered Level 10 of the Dungeon
 11556 | D:10     | Found a runed translucent door.
 11556 | D:10     | Noticed MeekVeins's ghost (novice OpTm)
 11613 | D:10     | Gained mutation: You regenerate health from kills. [demonic
                  | ancestry]
 11613 | D:10     | Reached XP level 11. HP: 83/83 MP: 20/20
 11660 | D:10     | Noticed a white ugly thing
 11667 | D:10     | Killed a white ugly thing
 11676 | D:10     | Noticed a purple ugly thing
 11686 | D:10     | Killed a purple ugly thing
 11687 | D:10     | Reached skill level 9 in Ice Magic
 11728 | D:10     | Noticed a wolf spider
 11915 | D:10     | Noticed a two-headed ogre
 11965 | D:10     | Killed a two-headed ogre
 12084 | D:10     | Noticed a yaktaur captain
 12203 | D:10     | Noticed an orc knight
 12205 | D:10     | Found a staircase to the Lair.
 12214 | D:10     | Killed an orc knight
 12380 | D:10     | Killed a yaktaur captain
 12516 | D:10     | HP: 3/84 [wolf spider (15)]
 12516 | D:10     | Mangled by a wolf spider

Illustrated notes

Levels and vault maps discovered:
D:1:      psy_arrival_terrarium, layout_loops_ring, serial_shops,
          nicolae_shop_crystal, shop, nicolae_shop_waterfront
D:2:      layout_loops_cross, uniq_sigmund
D:3:      minmay_chambers_of_threes, layout_basic,
          mainiacjoe_overflow_tiny_flanked, nicolae_hexahallways, uniq_jessica
D:4:      layout_basic, kennysheep_orc_sif_temple,
          minmay_temple_entry_butterflies, kennysheep_generic_room_14,
          uniq_menkaure
D:5:      layout_cave_pods, kennysheep_mini, nicolae_overflow_hidden_temple,
          nemelex_spade_bored_becter, grunt_ministairs_6, abandoned_shop,
          minivault_25, glass_columns_a, minmay_manual_monstrance, uniq_ijyb
D:6:      layout_basic, st_stairs_1, uniq_grinder
D:7:      layout_basic, kennysheep_little_box, enter_bailey_2,
          uniq_prince_ribbit1
D:8:      layout_basic, amethyst_overflow_temple_binary
D:9:      layout_roguey, zombieorc2_lemuel, serial_shops, nicolae_shop_trees,
          uniq_pikel
D:10:     minmay_sliced_demisemicircle, layout_irregular_city,
          david_lair_shrubbed, gammafunk_ghost_grave, serial_bayou,
          serial_bayou_pond_d, serial_bayou_ford_a, serial_bayou_pond_e,
          serial_bayou_shore_b
Temple:   eino_temple_water

Skill      XL: |  1  2  3  4  5  6  7  8  9 10 11 |
---------------+----------------------------------+-----
Stealth        | 2 3 4 5 |  5.0
Dodging        | 2 3 4 5 6 |  6.7
Fighting       | 1 2 3 4 5 6 7 |  7.1
Ice Magic      | 4 5 6 7 8 9 |  9.3
Spellcasting   | 3 4 5 6 |  6.8
Conjurations   | 1 3 5 7 8 |  8.3
Air Magic      | 1 2 |  2.8

Action                   |  1- 3 |  4- 6 |  7- 9 | 10-12 || total
-------------------------+-------+-------+-------+-------++-------
Melee: Unarmed           |    12 |       |       |       ||    12
       Dagger            |    48 |    88 |   163 |     4 ||   303
       Touch             |    12 |    17 |    45 |       ||    74
       Mace              |       |     5 |    18 |       ||    23
       Punch             |       |     1 |     2 |       ||     3
       Quarterstaff      |       |       |    38 |   170 ||   208
Throw: Dart              |       |       |     1 |     7 ||     8
 Cast: Freeze            |    29 |    10 |     6 |     1 ||    46
       Frozen Ramparts   |       |     9 |    16 |    20 ||    45
       Ozocubu's Armour  |       |       |    18 |    26 ||    44
       Hailstorm         |       |       |     3 |     5 ||     8
       Freezing Cloud    |       |       |       |     9 ||     9
Evoke: Wand              |       |       |       |     2 ||     2
       Box of beasts     |       |       |       |     1 ||     1
  Use: Scroll            |       |     7 |     5 |     5 ||    17
       Potion            |       |       |     3 |     1 ||     4
 Stab: Sleeping          |     5 |     5 |     9 |     2 ||    21
       Distracted        |       |       |       |     4 ||     4
Armor: Robe              |    17 |    10 |    11 |       ||    38
       Leather armour    |       |       |    19 |    41 ||    60
       Troll leather arm |       |       |       |     3 ||     3
Dodge: Dodged            |    49 |    81 |   228 |   209 ||   567
